 Dungeon Crawl Stone Soup version 0.29.0-4-gdea44cf6ec (webtiles) character file.

Game seed: 18199781376089263

6 qw the Sneak (level 1, 0/14 HPs)
             Began as a Gargoyle Delver on Sept 10, 2022.
             Slain by a hound (3 damage)
             ... on level 4 of the Dungeon.
             The game lasted 00:00:08 (595 turns).

qw the Sneak (Gargoyle Delver)                       Turns: 595, Time: 00:00:09

Health: 0/14       AC:  5    Str: 15    XL:     1   Next: 90%
Magic:  1/1        EV: 11    Int: 10    God:
Gold:   35         SH:  0    Dex: 11    Spells: 0/0 levels left

rFire   . . .      SeeInvis .   a - +0 hand axe
rCold   . . .      Faith    .   (no shield)
rNeg    + . .      Spirit   .   b - +0 leather armour
rPois   inf        Reflect  .   (no helmet)
rElec   +          Harm     .   (no cloak)
rCorr   .          Rampage  .   (no gloves)
Will    +....                   (no boots)
Stlth   +++.......              (no amulet)
HPRegen 0.04/turn               h - ring of willpower
MPRegen 0.07/turn               (no ring)

@: no status effects
A: sickness immunity, AC +2, negative energy resistance 1, electricity
resistance, torment resistance 1, petrification resistance
a: no special abilities


You were on level 4 of the Dungeon.
You visited 1 branch of the dungeon, and saw 2 of its levels.

You collected 35 gold pieces.


Innate Abilities, Weirdness & Mutations

You are immune to sickness and miasma.
Your stone body is resilient. (AC +2)
You are immune to poison.
You resist negative energy. (rN+)
You are resistant to electric shocks. (rElec)
You are resistant to unholy torment.
You are immune to petrification.


   Skills:
 - Level 3.2 Fighting
 + Level 2.3 Axes
 - Level 1.5 Dodging
 - Level 5.4 Stealth


You couldn't memorise any spells.
You didn't know any spells.
Your spell library was empty.

Inventory:

Hand Weapons
 a - a +0 hand axe (weapon)
 k - a +0 club
Armour
 b - a +0 leather armour (worn)
 i - a +0 ring mail
Jewellery
 h - a ring of willpower (left hand)
Wands
 g - a wand of digging (3)
Scrolls
 c - a scroll of butterflies {unknown}
 e - a scroll of silence {unknown}
Potions
 d - a potion of attraction {unknown}
 f - a potion of haste
 j - a potion of curing {unknown}

Dungeon Overview and Level Annotations

Branches:
Dungeon (5/15)
 Temple: D:4-7

Altars:


Message History

You kill the kobold!
You start resting.
HP restored.
Things that are here:
a +0 dagger; 4 stones; a kobold corpse
k - a +0 club You now have 35 gold pieces (gained 11).
A hound comes into view.
Enter note: The hound barks!
You miss the hound. The hound bites you but does no damage.
The hound misses you.
You hit the hound.
The hound is moderately wounded.
The hound barely misses you. The hound bites you.
You hit the hound but do no damage.
The hound is moderately wounded.
The hound closely misses you.
You miss the hound.
The hound is moderately wounded.
The hound barely misses you. The hound bites you.
You barely miss the hound.
The hound is moderately wounded.
The hound bites you but does no damage. The hound misses you.
You barely miss the hound.
The hound is moderately wounded.
The hound misses you. The hound bites you but does no damage.
You barely miss the hound.
The hound is moderately wounded.
The hound bites you. The hound bites you but does no damage.
You barely miss the hound.
The hound is moderately wounded.
The hound bites you.
You miss the hound.
The hound is moderately wounded.
The hound bites you but does no damage. The hound completely misses you.
You hit the hound.
The hound is heavily wounded.
The hound bites you.
You die...

# #.# .#.# ... ..#
###.##.## #.h.....#
#@# #.# #+# #.# #.#
#.# #.# #.# ##.##
##.##########...##
#.........##.....#.
#..######.###......
#................#


You could see a hound.

Vanquished Creatures
  A dart slug (D:4)
  A hobgoblin (D:4)
  A quokka (D:5)
  A kobold (D:4)
4 creatures vanquished.

Notes
Turn   | Place    | Note
-------+----------+-------------------------------------------
     0 | D:5      | qw the Gargoyle Delver began the quest for the Orb.
     0 | D:5      | Reached XP level 1. HP: 14/14 MP: 1/1
     0 | D:5      | 0 ||| qw: Version: 0.1-a-116-g5d60599
     0 | D:5      | 0 ||| qw: Game counter: 9227
     0 | D:5      | 0 ||| qw: Always use a shield: true
     0 | D:5      | 0 ||| qw: God list: Okawaru
     0 | D:5      | 0 ||| qw: Allow faded altars: false
     0 | D:5      | 0 ||| qw: Do Orc after D:15 true
     0 | D:5      | 0 ||| qw: Do second Lair branch before Depths: true
     0 | D:5      | 0 ||| qw: Lair rune preference: random
     0 | D:5      | 0 ||| qw: Plans: Normal
     0 | D:5      | 0 ||| PLANNING D:1-11
   104 | D:5      | 104 ||| UPGRADING to ring of willpower.
   105 | D:5      | 105 ||| DROPPING scroll of fog.
   106 | D:5      | 106 ||| DROPPING scroll of magic mapping.
   107 | D:5      | 107 ||| DROPPING scroll of fear.
   581 | D:4      | Noticed a hound
   593 | D:4      | HP: 2/14 [hound (5)]
   595 | D:4      | Slain by a hound

Levels and vault maps discovered:
D:4:      layout_loops_corners, minmay_temple_entry_poolview, uniq_edmund
D:5:      layout_basic, old_standard_altar, gammafunk_ghost_arena

Skill      XL: |  1 |
---------------+----+-----
Axes           | 2 |  2.3
Fighting       | |  3.2
Dodging        | |  1.5
Stealth        | |  5.4

Action                   || total
-------------------------++-------
Melee: Hand axe          ||    29
       Punch             ||     1
Armor: Leather armour    ||    10
Dodge: Dodged            ||    17

Table legend:
 A = Non-vault XP
 B = Vault XP
 C = Vault XP percentage of total XP
 D = Non-vault monster count
 E = Vault monster count
 F = Vault count percentage of total count
                 A         B        C        D         E       F
            +---------+---------+-------+---------+---------+-------
      Total |       9 |       0 |   0.0 |       4 |       0 |   0.0
            +---------+---------+-------+---------+---------+-------
        D:4 |       7 |       0 |   0.0 |       3 |       0 |   0.0
        D:5 |       2 |       0 |   0.0 |       1 |       0 |   0.0
            +---------+---------+-------+---------+---------+-------
